 Dungeon Crawl Stone Soup version 0.27-a0-1105-g946c659c87 (webtiles) character file.

Game seed: 743936076740385504

3374 kae the Blocker (level 10, -5/89 HPs)
             Began as a Formicid Fighter on Apr 29, 2021.
             Was an Initiate of Qazlal.
             Slain by a two-headed ogre
             ... wielding a +0 giant club
              (14 damage)
             ... on level 8 of the Dungeon.
             The game lasted 00:08:19 (8169 turns).

kae the Blocker (Formicid Fighter)                  Turns: 8169, Time: 00:08:20

Health: -5/89      AC:  8    Str: 25    XL:     10   Next: 23%
Magic:  10/10      EV: 10    Int:  7    God:    Qazlal [......]
Gold:   410        SH: 12    Dex: 10    Spells: 9/9 levels left

rFire    . . .     SeeInvis +   a - +3 long sword
rCold    . . .     Faith    .   c - +0 kite shield
rNeg     . . .     Spirit   .   b - +0 scale mail
rPois    .         Reflect  .   (helmet unavailable)
rElec    .         Harm     .   n - scarf {+Inv}
rCorr    .         Rampage  .   (no gloves)
Will     ++...                  (no boots)
Stlth    ..........             (no amulet)
HPRegen  1.24/turn              h - ring of willpower
MPRegen  0.12/turn              (no ring)

@: studying Unarmed Combat
A: permanent stasis, dig shafts and tunnels, antennae 3, four strong arms,
regeneration 1, robust 1
a: Dig, Shaft Self, Renounce Religion, Evoke Invisibility


You were on level 8 of the Dungeon.
You worshipped Qazlal.
Qazlal was noncommittal.
You visited 2 branches of the dungeon, and saw 9 of its levels.

You collected 410 gold pieces.

Inventory:

Hand Weapons
 a - a +3 long sword (weapon)
Missiles
 p - a curare-tipped dart
 s - a throwing net
Armour
 b - a +0 scale mail (worn)
 c - a +0 kite shield (worn)
 n - a scarf of invisibility (worn)
Jewellery
 h - a ring of willpower (left hand)
 k - a ring of ice
Wands
 j - a wand of iceblast (9)
 m - a wand of digging (5)
 q - a wand of flame (19)
 t - a wand of polymorph (8)
Scrolls
 o - a scroll of fear
 u - a scroll of identify
 v - a scroll of acquirement {unknown}
 w - a scroll of amnesia
Potions
 d - 2 potions of might
 e - 2 potions of resistance
 f - a potion of ambrosia {unknown}
 g - a potion of mutation
 i - 3 potions of magic
 l - a potion of haste
 r - a potion of invisibility {unknown}


   Skills:
 + Level 8.3 Fighting
 + Level 7.2 Long Blades
 + Level 8.3 Armour
 - Level 9.0 Shields
 + Level 1.0 Invocations


You had 9 spell levels left.
You didn't know any spells.
Your spell library contained the following spells:

 Spells                   Type           Power      Damage    Failure   Level
 Beastly Appendage        Tmut           0%         N/A       69%         1
 Freeze                   Ice            0%         1d3       69%         1
 Magic Dart               Conj           0%         1d3       69%         1
 Shock                    Conj/Air       0%         1d3       69%         1
 Poisonous Vapours        Pois/Air       0%         N/A       83%         2
 Static Discharge         Conj/Air       0%         N/A       83%         2
 Wereblood                Tmut           0%         N/A       83%         2
 Conjure Flame            Conj/Fire      0%         6-21      96%         3
 Frozen Ramparts          Ice            0%         1d2       96%         3
 Mephitic Cloud           Conj/Pois/Air  0%         N/A       96%         3
 Ozocubu's Armour         Ice            0%         N/A       96%         3
 Spider Form              Tmut/Pois      0%         N/A       96%         3
 Airstrike                Air            0%         N/A       100%        4
 Hailstorm                Conj/Ice       0%         3d3       100%        4
 Ice Form                 Ice/Tmut       0%         N/A       100%        4
 Hydra Form               Tmut           0%         N/A       100%        5
 Lightning Bolt           Conj/Air       0%         1d11      100%        5
 Metabolic Englaciation   Hex/Ice        0%         N/A       100%        5
 Freezing Cloud           Conj/Ice/Air   0%         6-21      100%        6
 Swiftness                Air            Unusable   N/A       N/A         3

Dungeon Overview and Level Annotations

Branches:
Dungeon (8/15)             Temple (1/1) D:7            Lair (0/6) D:8

Altars:
Ashenzari
Cheibriados
Dithmenos
Elyvilon
Fedhas
Gozag
Hepliaklqana
Kikubaaqudgha
Nemelex Xobeh
Qazlal
Ru
Sif Muna
Trog
Uskayaw
Vehumet
Wu Jian
Xom
Zin
The Shining One

Annotations:
D:4 1 runed translucent door, Crazy Yiuf


Innate Abilities, Weirdness & Mutations

You cannot be hasted, slowed, berserked, paralysed or teleported.
You can dig through walls and to a lower floor.
You have a pair of large antennae on your head. (SInv)
Your four strong arms can wield two-handed weapons with a shield.
Your natural rate of healing is unusually fast.
You are robust. (+10% HP)


Message History

Aiming: Iceblast
Press: ? - help, Shift-Dir - straight line, f - two-headed ogre
Aim: a two-headed ogre, wielding two +0 giant clubs The mass of ice explodes!
The iceblast engulfs the two-headed ogre!
The two-headed ogre is lightly wounded.
Aiming: Iceblast
Press: ? - help, Shift-Dir - straight line, f/p - two-headed ogre
Aim: a two-headed ogre, wielding two +0 giant clubs (lightly wounded)
The mass of ice explodes!
The iceblast engulfs the two-headed ogre!
The two-headed ogre is moderately wounded.
You hit the two-headed ogre.
The two-headed ogre is heavily wounded.
The two-headed ogre hits you with a +0 giant club.
The two-headed ogre barely misses you.
You barely miss the two-headed ogre.
The two-headed ogre is heavily wounded.
You block the two-headed ogre's attack. x2
You barely miss the two-headed ogre.
The two-headed ogre is heavily wounded.
The two-headed ogre hits you but does no damage.
The two-headed ogre hits you with a +0 giant club!
You hit the two-headed ogre.
The two-headed ogre is heavily wounded.
You hit the two-headed ogre.
The two-headed ogre is severely wounded.
The two-headed ogre hits you with a +0 giant club!!
You block the two-headed ogre's attack.
You slash the two-headed ogre!
The two-headed ogre is severely wounded.
The two-headed ogre hits you with a +0 giant club!!
* * * LOW HITPOINT WARNING * * *
The two-headed ogre closely misses you.
You hit the two-headed ogre.
The two-headed ogre is severely wounded.
The two-headed ogre hits you with a +0 giant club!!
* * * LOW HITPOINT WARNING * * *
The two-headed ogre hits you with a +0 giant club!
You die...

..##...# ..##...# ...[.##....# ..
..............##....##....
..##...##.................
..####+##.................
..#.....#..................{
..#.....#.....##...# #....#
..'.....#.....##...###....#######
..##....'.......@O..'........{...
+###....#...........#............
........#...........#............
....<...#..........##...####[##.#
....))..#.....##...##+######.####
........#.....##...##....#.......
..##....#......#........[#.......
####^...#......#.........#.......
#.....#......#.................


You could see a two-headed ogre.

Vanquished Creatures
  A komodo dragon (D:8)
  2 steam dragons (D:8)
  A naga (D:8)
  An acid dragon (D:8)
  An ice beast (D:6)
  3 black bears
  A necrophage (D:5)
  2 ogres
  2 centaurs
  A phantom (D:7)
  A wyvern zombie (D:8)
  A kobold brigand (D:8)
  2 scorpions
  4 killer bees (D:8)
  8 wights
  3 howler monkeys (D:8)
  2 centaur zombies (D:6)
  A bullfrog zombie (D:5)
  3 orc priests
  5 jellies
  4 hounds
  4 iguanas
  4 orc wizards
  A howler monkey zombie (D:8)
  9 gnolls
  8 adders
  2 white imps
  2 dart slugs
  16 orcs
  6 endoplasms
  A giant cockroach (D:1)
  5 goblins
  9 hobgoblins
  8 kobolds
  2 quokkas
  4 ball pythons
  A bat (D:1)
  5 frilled lizards
  7 rats
143 creatures vanquished.

Vanquished Creatures (others)
  5 plants (D:8)
5 creatures vanquished.

Grand Total: 148 creatures vanquished

Notes
Turn   | Place    | Note
-------+----------+-------------------------------------------
     0 | D:1      | kae the Formicid Fighter began the quest for the Orb.
     0 | D:1      | Reached XP level 1. HP: 18/18 MP: 1/1
   167 | D:1      | Reached XP level 2. HP: 24/24 MP: 2/2
   517 | D:1      | Reached skill level 4 in Shields
   517 | D:1      | Reached XP level 3. HP: 29/29 MP: 3/3
  1558 | D:2      | Reached XP level 4. HP: 37/37 MP: 4/4
  2510 | D:2      | Reached XP level 5. HP: 38/42 MP: 5/5
  2785 | D:3      | Found a faded altar of an unknown god.
  2805 | D:3      | Reached XP level 6. HP: 47/49 MP: 6/6
  2849 | D:3      | Gained mutation: Your natural rate of healing is unusually
                  | fast. [potion of mutation]
  2849 | D:3      | Gained mutation: You are robust. (+10% HP) [potion of
                  | mutation]
  2882 | D:2      | Reached skill level 5 in Shields
  3214 | D:3      | Found a white marble altar of Elyvilon.
  3996 | D:4      | Reached XP level 7. HP: 60/60 MP: 7/7
  4140 | D:4      | Reached skill level 5 in Fighting
  4140 | D:4      | Reached skill level 5 in Armour
  4348 | D:4      | Found a runed translucent door.
  4349 | D:4      | Noticed Crazy Yiuf
  4679 | D:5      | Entered Level 5 of the Dungeon
  4981 | D:5      | Reached skill level 6 in Shields
  5065 | D:5      | Reached XP level 8. HP: 67/69 MP: 8/8
  5829 | D:6      | Reached skill level 5 in Long Blades
  5908 | D:6      | Reached skill level 7 in Shields
  6293 | D:6      | Reached XP level 9. HP: 72/78 MP: 9/9
  6299 | D:6      | Found an ancient bone altar of Kikubaaqudgha.
  6302 | D:6      | Found a shimmering blue altar of Sif Muna.
  6304 | D:6      | Found a radiant altar of Vehumet.
  6308 | D:6      | Identified Vehumet's Handbook of Arcane Weapons
  6987 | D:7      | Found an opulent altar of Gozag.
  7071 | D:7      | Reached skill level 8 in Shields
  7326 | D:7      | Found a staircase to the Ecumenical Temple.
  7336 | Temple   | Entered the Ecumenical Temple
  7761 | D:8      | Found a staircase to the Lair.
  7761 | D:8      | Noticed a komodo dragon
  7776 | D:8      | Killed a komodo dragon
  7802 | D:8      | Noticed Maggie
  7818 | D:8      | Noticed Maggie
  7818 | D:8      | Maggie changed into Maggie the naga
  7834 | D:8      | Killed Maggie the naga
  7901 | D:8      | Reached XP level 10. HP: 88/88 MP: 10/10
  7916 | D:8      | Found a blossoming altar of Fedhas.
  7917 | D:8      | Found a hide-covered altar of Uskayaw.
  7919 | D:8      | Found a stormy altar of Qazlal.
  7921 | D:8      | Found a snail-covered altar of Cheibriados.
  7921 | D:8      | Found a bloodstained altar of Trog.
  7971 | D:8      | Reached skill level 9 in Shields
  8020 | D:8      | Became a worshipper of Qazlal Stormbringer
  8059 | D:8      | Reached skill level 1 in Invocations
  8157 | D:8      | Noticed a two-headed ogre
  8169 | D:8      | Slain by a two-headed ogre

Illustrated notes

Levels and vault maps discovered:
D:1:      lightli_arrival_noodles, layout_basic
D:2:      layout_loops_ring
D:3:      layout_basic, elyvilon_altar_4, hellmonk_ecumenical_altar_arch_garden
D:4:      layout_basic, uniq_crazy_yiuf_cottage
D:5:      layout_cave_pods
D:6:      layout_loops_ring, grunt_temple_overflow_magic_moments,
          minmay_manual_macuahuitl
D:7:      layout_basic, lemuel_tele_altar, lemuel_temple_firewalk_b,
          kennysheep_small_spiral
D:8:      layout_gridville, grunt_temple_overflow_open, david_lair_shrubbed,
          kennysheep_generic_room_3, uniq_maggie
Temple:   jpeg_temple_island

Skill      XL: |  1  2  3  4  5  6  7  8  9 10 |
---------------+-------------------------------+-----
Shields        | 4 5 6 7 8 9 |  9.0
Fighting       | 4 5 6 7 8 |  8.3
Armour         | 4 5 6 7 8 |  8.3
Long Blades    | 3 4 5 6 7 |  7.2
Invocations    | 1 |  1.0

Action                   |  1- 3 |  4- 6 |  7- 9 | 10-12 || total
-------------------------+-------+-------+-------+-------++-------
Melee: Long sword        |    88 |   146 |   285 |    88 ||   607
 Abil: Dig               |       |     1 |     3 |     1 ||     5
Evoke: Wand              |       |       |     8 |     2 ||    10
  Use: Scroll            |       |     2 |    11 |       ||    13
       Potion            |       |     2 |       |     1 ||     3
Armor: Scale mail        |    32 |    40 |    75 |    19 ||   166
Dodge: Dodged            |    17 |    50 |    86 |    40 ||   193
Block: Kite shield       |    42 |    82 |   160 |    79 ||   363
       Rpst.: Long sword |     3 |    13 |    21 |     9 ||    46

Table legend: (Time is in decaauts)
 A = Elapsed time spent in this place.
 B = Non-inter-level travel time spent in this place.
 C = Inter-level travel time spent in this place.
 D = Time resting spent in this place.
 E = Time spent auto-exploring this place.
 F = Levels seen in this place.
 G = Mean time per level.
                   A        B        C        D        E       F      G
               +--------+--------+--------+--------+--------+-----+--------+
         Total |   8362 |   8058 |    304 |    688 |   5889 |   9 |  929.1 |
       Dungeon |   8157 |   7899 |    258 |    688 |   5738 |   8 | 1019.6 |
        Temple |    205 |    159 |     46 |      0 |    151 |   1 |  205.0 |
               +--------+--------+--------+--------+--------+-----+--------+

Top non-repeatable levels by time:
     D:2: 1452 daAuts
     D:1: 1317 daAuts
     D:4: 1195 daAuts
     D:5: 1088 daAuts
     D:7: 1009 daAuts
     D:3: 824 daAuts
     D:6: 690 daAuts
     D:8: 579 daAuts
  Temple: 205 daAuts
